 Dungeon Crawl Stone Soup version 0.31-a0-331-geda263fcf1 (webtiles) character file.

Game seed: 10325937112892350357

23 freelancePsychic the Changeling (level 2, 0/39 HPs)
             Began as an Armataur Shapeshifter on July 19, 2023.
             Slain by an adder (3 damage)
             ... on level 2 of the Dungeon.
             The game lasted 00:01:28 (745 turns).

freelancePsychic the Changeling (AtSh)               Turns: 745, Time: 00:01:29

Health: 0/39       AC: 21    Str: 20    XL:     2   Next: 72%
Magic:  2/2        EV:  1    Int:  8    God:
Gold:   25         SH:  0    Dex: 10    Spells: 1/1 levels left

rFire   . . .        l - +0 dagger
rCold   . . .        (no shield)
rNeg    . . .        a - melded +0 animal skin
rPois   +            (helmet currently unavailable)
rElec   .            (cloak currently unavailable)
rCorr   .            (gloves currently unavailable)
SInv    .            (no barding)
Will    .....        (no amulet)
Stlth   +            (no ring)
HPRegen 0.26/turn    (no ring)
MPRegen 0.08/turn

%: roll
@: lethally poisoned (0 -> -1), tree-form
A: stationary, stasis, torment immunity, boosted hp, large, rugged brown scales
3, (deformed body), (armoured tail), roll, long tongue, awkward tongue
a: no special abilities


You were on level 2 of the Dungeon.
You were a tree.
You visited 1 branch of the dungeon, and saw 2 of its levels.

You collected 25 gold pieces.

Inventory:

Hand Weapons
 l - a +0 dagger (weapon)
Missiles
 d - a throwing net
Armour
 a - a +0 animal skin (melded)
 k - a +0 pair of gloves
Jewellery
 m - an amulet of the acrobat
Talismans
 c - a beast talisman
Wands
 n - a wand of flame (4)
Scrolls
 f - 4 scrolls of identify {unknown}
 h - 2 scrolls of blinking {unknown}
 j - a scroll of vulnerability {unknown}
Potions
 b - a potion of lignification
 e - a potion of attraction {unknown}
 g - a potion of might {unknown}
 i - a potion of mutation {unknown}


   Skills:
 + Level 2.3 Fighting
 + Level 0.9 Short Blades
 - Level 1.3 Dodging
 + Level 1.3 Stealth
 - Level 1.7 Unarmed Combat
 - Level 2.7 Shapeshifting


You had one spell level left.
You didn't know any spells.
Your spell library was empty.

Dungeon Overview and Level Annotations

Branches:
Dungeon (2/15)

Altars:


Innate Abilities, Weirdness & Mutations

You are a tree.
Your roots penetrate the ground, keeping you stationary.
You cannot be teleported.
You are immune to unholy pain and torment.
Your maximum health is greatly increased.
Your equipment is partially melded.
(You are completely covered in rugged brown scales. (AC +3, +7% HP))
((Armour fits poorly on your strangely shaped body.))
((You have a long armoured tail.))
You roll when moving toward enemies. (Rampage)
Your long tongue fully drains potion bottles. (2x potion effects)
Your tongue gives you trouble enunciating. (1.5x scroll delay)


Message History

You miss the adder.
The adder bites you but does no damage. x4
You hit the adder.
The adder is lightly wounded.
The adder bites you but does no damage. The adder bites you.
You miss the adder.
The adder is lightly wounded.
The adder bites you but does no damage. x2
You closely miss the adder.
The adder is lightly wounded.
The adder bites you. The adder bites you but does no damage.
You hit the adder.
The adder is moderately wounded.
The adder bites you.
You are poisoned.
The adder poisons you! The adder bites you but does no damage.
A kobold comes into view. It is wielding a +0 whip.
The adder bites you but does no damage.
You miss the adder.
The adder is moderately wounded.
You feel sick.
The adder bites you but does no damage. x2
You miss the adder.
The adder is moderately wounded.
You feel sick.
The adder bites you but does no damage. x3
You barely miss the adder.
The adder is moderately wounded.
You feel sick. The adder bites you.
* * * LOW HITPOINT WARNING * * *
The adder bites you but does no damage.
You miss the adder.
The adder is moderately wounded.
You feel sick. The adder bites you but does no damage. The adder bites you.
* * * LOW HITPOINT WARNING * * *
You barely miss the adder.
The adder is moderately wounded.
You feel sick.
The kobold shouts!
The adder bites you but does no damage. The adder bites you.
* * * LOW HITPOINT WARNING * * *
The adder bites you.
You die...

#.##...# ...#
#..#...#.#######.. .
..#...#.......... .^
.....# #........ ...
....# #........ ....#+
#...###........
......####...##.........
......S.................
...K..S♣.....########.##
......###.............#
..... #.....#########
.... #.....# ... #######
.. !


You could see 2 adders and a kobold.

Vanquished Creatures
  3 endoplasms (D:1)
  2 giant cockroaches (D:1)
  A goblin (D:1)
  3 jackals (D:2)
  3 kobolds (D:1)
  3 quokkas
  2 bats (D:1)
  2 frilled lizards (D:1)
  A rat (D:1)
20 creatures vanquished.

Notes
Turn   | Place    | Note
-------+----------+-------------------------------------------
     0 | D:1      | freelancePsychic the Armataur Shapeshifter began the quest
                  | for the Orb.
     0 | D:1      | Reached XP level 1. HP: 18/18 MP: 1/1
   165 | D:1      | Reached XP level 2. HP: 19/25 MP: 2/2
   281 | D:1      | Reached skill level 1 in Stealth
   745 | D:2      | Slain by an adder

Illustrated notes

Levels and vault maps discovered:
D:1:      saegor_arrival_simple_b, layout_rooms
D:2:      layout_rooms, ebering_ecumenical_altar_sacrificial, serial_shops,
          nicolae_shop_window_shopping, basic_altar

Skill      XL: |  1  2 |
---------------+-------+-----
Fighting       | 2 |  2.3
Stealth        | 1 |  1.3
Short Blades   | |  0.9
Dodging        | |  1.3
Unarmed Combat | |  1.7
Shapeshifting  | |  2.7

Action                     || total
---------------------------++-------
  Melee: Unarmed           ||    50
         Dagger            ||    21
         Tailslap          ||     4
    Use: Potion            ||     1
   Stab: Sleeping          ||     2
 Armour: Animal skin       ||    18
         Skin              ||    27
  Dodge: Dodged            ||    37

Table legend: (Time is in decaauts)
 A = Elapsed time spent in this place.
 B = Non-inter-level travel time spent in this place.
 C = Inter-level travel time spent in this place.
 D = Time resting spent in this place.
 E = Time spent auto-exploring this place.
 F = Levels seen in this place.
 G = Mean time per level.
                   A        B        C        D        E       F      G
               +--------+--------+--------+--------+--------+-----+--------+
         Total |    741 |    717 |     24 |      0 |    577 |   2 |  370.5 |
       Dungeon |    741 |    717 |     24 |      0 |    577 |   2 |  370.5 |
               +--------+--------+--------+--------+--------+-----+--------+

Top non-repeatable levels by time:
     D:1: 616 daAuts
     D:2: 125 daAuts
